[ AOE2 MATCH · #494810329 ]
UnrankedSpanish vs Bohemians
[ REPLAY ANALYSIS · EXTRACTED FROM THE RECORDED GAME ]
Feudal
—
Castle
—
Imperial
—
| APM avg | 36.9 |
| APM peak | 72 |
| eAPM avg | 11.0 |
| Villagers / military | 37 / 0 |
Focus
⚔️ 0.0% · 🌾 100.0%
Feudal
—
Castle
—
Imperial
—
| APM avg | 39.2 |
| APM peak | 68 |
| eAPM avg | 12.8 |
| Villagers / military | 33 / 0 |
Focus
⚔️ 3.2% · 🌾 96.8%
Feudal
—
Castle
—
Imperial
—
| APM avg | 19.0 |
| APM peak | 57 |
| eAPM avg | 7.9 |
| Villagers / military | 34 / 0 |
Focus
⚔️ 0.0% · 🌾 100.0%
Feudal
—
Castle
—
Imperial
—
| APM avg | 18.0 |
| APM peak | 33 |
| eAPM avg | 8.8 |
| Villagers / military | 25 / 0 |
Focus
⚔️ 0.0% · 🌾 100.0%
Feudal
—
Castle
—
Imperial
—
| APM avg | 15.1 |
| APM peak | 38 |
| eAPM avg | 8.5 |
| Villagers / military | 24 / 0 |
Focus
⚔️ 4.8% · 🌾 95.2%
Feudal
—
Castle
—
Imperial
—
| APM avg | 18.9 |
| APM peak | 34 |
| eAPM avg | 10.8 |
| Villagers / military | 21 / 0 |
Focus
⚔️ 3.9% · 🌾 96.1%
Feudal
—
Castle
—
Imperial
—
| APM avg | 0.4 |
| APM peak | 2 |
| eAPM avg | 0.4 |
| Villagers / military | 0 / 0 |
Feudal
—
Castle
—
Imperial
—
| APM avg | 15.6 |
| APM peak | 36 |
| eAPM avg | 7.1 |
| Villagers / military | 22 / 0 |
Focus
⚔️ 8.9% · 🌾 91.1%
Match map
Initial resources + every placement click. Lines = walls · curves = elevation contours. ◆ gold · ⬟ stone · ● berries · ✦ relic · ◌ wall gap
Your base
CDLP_Themachine's base
szczuply23's base
sonhero3000's base
Chaves's base
浅草带疏烟's base
给我两羊,长命百岁's base
MessiahOVO's base
Smoothed initial terrain · ◌ = detected wall gap · hover for details
Inputs per minute
— Bladelord - - CDLP_Themachine
Build order — Bladelord
46 actions detected in the replay
| 0:12 | Queue | Villager (Male) |
| 0:13 | Queue | Villager (Male) |
| 0:13 | Queue | Villager (Male) |
| 0:14 | Build | House |
| 0:15 | Queue | Villager (Male) |
| 0:16 | Queue | Villager (Male) |
| 0:38 | Build | House |
| 0:39 | Build | House |
| 0:41 | Build | House |
| 0:43 | Build | House |
| 1:45 | Queue | Villager (Male) |
| 1:45 | Queue | Villager (Male) |
| 1:45 | Queue | Villager (Male) |
| 2:17 | Build | House |
| 2:20 | Queue | Villager (Male) |
| 2:20 | Queue | Villager (Male) |
| 2:59 | Queue | Villager (Male) |
| 2:59 | Queue | Villager (Male) |
| 3:00 | Queue | Villager (Male) |
| 3:15 | Queue | Villager (Male) |
| 3:15 | Queue | Villager (Male) |
| 3:42 | Queue | Villager (Male) |
| 3:43 | Queue | Villager (Male) |
| 3:46 | Queue | Villager (Male) |
| 3:47 | Queue | Villager (Male) |
| 3:57 | Build | Lumber Camp |
| 4:28 | Queue | Villager (Male) |
| 4:28 | Queue | Villager (Male) |
| 4:58 | Queue | Villager (Male) |
| 4:58 | Queue | Villager (Male) |
| 5:03 | Queue | Villager (Male) |
| 5:04 | Queue | Villager (Male) |
| 5:32 | Build | Mill |
| 5:55 | Queue | Villager (Male) |
| 5:55 | Queue | Villager (Male) |
| 5:55 | Queue | Villager (Male) |
| 5:55 | Queue | Villager (Male) |
| 6:04 | Queue | Villager (Male) |
| 6:04 | Queue | Villager (Male) |
| 6:34 | Queue | Villager (Male) |
| 6:35 | Queue | Villager (Male) |
| 6:35 | Queue | Villager (Male) |
| 6:43 | Build | Mill |
| 7:23 | Queue | Villager (Male) |
| 8:14 | Queue | Villager (Male) |
| 8:15 | Queue | Villager (Male) |
Build order — CDLP_Themachine
41 actions detected in the replay
| 0:02 | Queue | Villager (Male) |
| 0:02 | Queue | Villager (Male) |
| 0:03 | Build | House |
| 0:05 | Build | House |
| 0:11 | Queue | Villager (Male) |
| 0:11 | Queue | Villager (Male) |
| 0:12 | Queue | Villager (Male) |
| 1:38 | Queue | Villager (Male) |
| 1:39 | Queue | Villager (Male) |
| 1:50 | Build | Lumber Camp |
| 2:02 | Queue | Villager (Male) |
| 2:03 | Queue | Villager (Male) |
| 2:18 | Queue | Villager (Male) |
| 2:19 | Queue | Villager (Male) |
| 2:40 | Build | House |
| 2:52 | Queue | Villager (Male) |
| 2:52 | Queue | Villager (Male) |
| 3:11 | Queue | Villager (Male) |
| 3:11 | Queue | Villager (Male) |
| 3:42 | Queue | Villager (Male) |
| 4:07 | Build | Mill |
| 4:12 | Research | Loom |
| 4:41 | Queue | Villager (Male) |
| 4:41 | Queue | Villager (Male) |
| 4:42 | Queue | Villager (Male) |
| 4:56 | Build | House |
| 5:06 | Queue | Villager (Male) |
| 5:06 | Queue | Villager (Male) |
| 6:00 | Queue | Villager (Male) |
| 6:00 | Queue | Villager (Male) |
| 6:01 | Queue | Villager (Male) |
| 6:01 | Queue | Villager (Male) |
| 6:31 | Queue | Villager (Male) |
| 6:32 | Queue | Villager (Male) |
| 6:47 | Queue | Villager (Male) |
| 7:22 | Queue | Villager (Male) |
| 7:22 | Queue | Villager (Male) |
| 7:29 | Queue | Villager (Male) |
| 7:29 | Queue | Villager (Male) |
| 7:29 | Queue | Villager (Male) |
| 7:46 | Build | Farm |
Build order — szczuply23
33 actions detected in the replay
| 0:03 | Build | House |
| 0:04 | Build | House |
| 0:23 | Queue | Villager (Male) |
| 0:24 | Queue | Villager (Male) |
| 0:24 | Research | Loom |
| 0:24 | Queue | Villager (Male) ×2 |
| 0:25 | Queue | Villager (Male) ×2 |
| 1:53 | Queue | Villager (Male) |
| 1:54 | Queue | Villager (Male) |
| 2:37 | Queue | Villager (Male) |
| 2:37 | Queue | Villager (Male) |
| 3:07 | Queue | Villager (Male) ×2 |
| 3:08 | Queue | Villager (Male) ×2 |
| 4:09 | Queue | Villager (Male) |
| 4:09 | Queue | Villager (Male) |
| 4:24 | Queue | Villager (Male) ×3 |
| 4:24 | Queue | Villager (Male) ×3 |
| 4:39 | Build | Lumber Camp |
| 4:44 | Build | House |
| 4:53 | Queue | Villager (Male) |
| 4:53 | Queue | Villager (Male) |
| 5:05 | Build | Mill |
| 6:19 | Queue | Villager (Male) ×3 |
| 6:40 | Build | Farm |
| 6:42 | Queue | Villager (Male) |
| 6:43 | Queue | Villager (Male) |
| 6:43 | Queue | Villager (Male) |
| 6:43 | Queue | Villager (Male) |
| 6:49 | Build | House |
| 7:15 | Build | Farm |
| 7:23 | Queue | Villager (Male) |
| 7:23 | Queue | Villager (Male) |
| 7:23 | Queue | Villager (Male) |
Build order — sonhero3000
36 actions detected in the replay
| 0:01 | Queue | Villager (Male) |
| 0:01 | Queue | Villager (Male) |
| 0:02 | Queue | Villager (Male) |
| 0:02 | Queue | Villager (Male) |
| 0:05 | Build | House |
| 0:32 | Build | House |
| 0:34 | Build | House |
| 0:35 | Build | House |
| 1:34 | Queue | Villager (Male) |
| 1:34 | Queue | Villager (Male) |
| 1:47 | Research | Loom |
| 2:24 | Queue | Villager (Male) |
| 2:24 | Queue | Villager (Male) |
| 2:24 | Queue | Villager (Male) |
| 3:20 | Queue | Villager (Male) |
| 3:20 | Queue | Villager (Male) |
| 3:34 | Queue | Villager (Male) |
| 3:34 | Queue | Villager (Male) |
| 3:35 | Queue | Villager (Male) |
| 3:35 | Queue | Villager (Male) |
| 4:05 | Build | Lumber Camp |
| 4:15 | Build | Mill |
| 4:18 | Queue | Villager (Male) |
| 4:19 | Queue | Villager (Male) |
| 4:19 | Queue | Villager (Male) |
| 4:55 | Queue | Villager (Male) |
| 4:55 | Queue | Villager (Male) |
| 4:56 | Queue | Villager (Male) |
| 5:59 | Build | Lumber Camp |
| 6:13 | Queue | Villager (Male) |
| 7:15 | Build | Mill |
| 7:39 | Queue | Villager (Male) |
| 7:39 | Queue | Villager (Male) |
| 7:40 | Queue | Villager (Male) |
| 7:45 | Build | House |
| 7:46 | Build | House |
Build order — Chaves
30 actions detected in the replay
| 0:04 | Build | House |
| 0:06 | Build | House |
| 0:08 | Queue | Villager (Male) |
| 0:08 | Queue | Villager (Male) |
| 0:09 | Queue | Villager (Male) |
| 1:03 | Queue | Villager (Male) |
| 1:40 | Queue | Villager (Male) |
| 1:40 | Queue | Villager (Male) |
| 2:13 | Queue | Villager (Male) |
| 2:14 | Queue | Villager (Male) |
| 2:38 | Queue | Villager (Male) |
| 3:29 | Queue | Villager (Male) |
| 3:29 | Queue | Villager (Male) |
| 3:29 | Queue | Villager (Male) |
| 3:37 | Build | Mill |
| 3:52 | Queue | Villager (Male) |
| 3:53 | Queue | Villager (Male) |
| 3:53 | Queue | Villager (Male) |
| 4:12 | Queue | Villager (Male) |
| 4:18 | Build | House |
| 4:33 | Queue | Villager (Male) |
| 4:33 | Queue | Villager (Male) |
| 4:33 | Queue | Villager (Male) |
| 4:51 | Queue | Villager (Male) |
| 5:27 | Queue | Villager (Male) |
| 5:27 | Queue | Villager (Male) |
| 6:31 | Build | House |
| 7:18 | Build | Lumber Camp |
| 7:27 | Queue | Villager (Male) |
| 7:27 | Queue | Villager (Male) |
Build order — 浅草带疏烟
29 actions detected in the replay
| 0:01 | Queue | Villager (Male) |
| 0:01 | Queue | Villager (Male) |
| 0:02 | Queue | Villager (Male) |
| 0:02 | Queue | Villager (Male) |
| 0:02 | Queue | Villager (Male) |
| 0:05 | Build | House |
| 0:07 | Build | House |
| 1:26 | Queue | Villager (Male) |
| 2:01 | Queue | Villager (Male) |
| 2:23 | Queue | Villager (Male) |
| 2:59 | Queue | Villager (Male) |
| 3:11 | Build | House |
| 3:16 | Build | House |
| 3:26 | Queue | Villager (Male) |
| 3:47 | Queue | Villager (Male) |
| 4:08 | Queue | Villager (Male) |
| 4:26 | Build | Mining Camp |
| 4:29 | Queue | Villager (Male) |
| 4:58 | Queue | Villager (Male) |
| 5:15 | Queue | Villager (Male) |
| 5:51 | Queue | Villager (Male) |
| 6:15 | Queue | Villager (Male) |
| 6:30 | Queue | Villager (Male) |
| 6:49 | Build | Lumber Camp |
| 6:58 | Build | Mill |
| 7:05 | Queue | Villager (Male) |
| 7:31 | Build | House |
| 7:37 | Queue | Villager (Male) |
| 8:05 | Queue | Villager (Male) |
Build order — 给我两羊,长命百岁
0 actions detected in the replay
Build order — MessiahOVO
30 actions detected in the replay
| 0:02 | Queue | Villager (Male) |
| 0:03 | Queue | Villager (Male) |
| 0:03 | Queue | Villager (Male) |
| 0:08 | Build | House |
| 0:09 | Build | House |
| 0:54 | Queue | Villager (Male) |
| 0:54 | Queue | Villager (Male) |
| 1:46 | Queue | Villager (Male) |
| 1:46 | Queue | Villager (Male) |
| 2:16 | Queue | Villager (Male) |
| 2:22 | Build | Lumber Camp |
| 2:30 | Queue | Villager (Male) |
| 2:59 | Queue | Villager (Male) |
| 3:27 | Queue | Villager (Male) |
| 3:27 | Queue | Villager (Male) |
| 3:57 | Queue | Villager (Male) |
| 4:00 | Build | House |
| 4:03 | Build | House |
| 4:21 | Queue | Villager (Male) |
| 4:34 | Queue | Villager (Male) |
| 4:55 | Build | House |
| 4:57 | Queue | Villager (Male) |
| 5:03 | Build | Mill |
| 5:08 | Queue | Villager (Male) |
| 5:28 | Queue | Villager (Male) |
| 5:55 | Queue | Villager (Male) |
| 6:08 | Queue | Villager (Male) |
| 6:19 | Build | Mining Camp |
| 7:26 | Queue | Villager (Male) |
| 7:44 | Queue | Villager (Male) |
Match timeline
| 7:22 | 给我两羊,长命百岁 · resign |
[ AI ANALYSIS · 1 CREDIT ]
What really happened in this match?
Wolo.gg analyzes every decision: build order, eco, micro, common mistakes by bracket. Personalized analysis on WhatsApp or Discord in 30 seconds.
Civ guide
Spanish
Perfil
Jugador #8951464